 Dungeon Crawl Stone Soup version 0.20.1-1-g8b1a95d (webtiles) character file.

95 Tr0llz0r the Skirmisher (level 4, 0/38 HPs)
             Began as a Centaur Fighter on Aug 25, 2017.
             Slain by a frilled lizard (2 damage)
             ... in a sewer.
             The game lasted 00:12:45 (2527 turns).

Tr0llz0r the Skirmisher (Centaur Fighter)           Turns: 2527, Time: 00:12:46

Health: 0/38       AC:  6    Str: 23 (25) XL:     4   Next: 40%
Magic:  4/4        EV:  5    Int:  9 (12) God:
Gold:   115        SH:  8    Dex:  5 (8)  Spells: 3/3 levels left

rFire    x . .     SeeInvis .   a - +0 long sword
rCold    + . .     Gourm    .   c - +0 shield
rNeg     . . .     Faith    .   b - +0 scale mail
rPois    .         Spirit   .   (no helmet)
rElec    .         Reflect  .   (no cloak)
rCorr    .         Harm     .   (no gloves)
MR       .....                  (no barding)
Stlth    ..........             (no amulet)
Regen    0.2/turn               o - ring of wizardry
MPRegen  0.1/turn               u - ring of ice

@: mighty, brilliant, lethally poisoned (0 -> -31), very quick
A: hooves 3, deformed body, speed 2, tough skin 3
a: no special abilities


You were in a sewer.
You were not hungry.

You visited 1 branch of the dungeon, and saw 3 of its levels.
You also visited: Sewer.

You collected 115 gold pieces.

Inventory:

Hand Weapons
 a - a +0 long sword (weapon)
 k - a +0 whip
 r - a cursed -2 mace
Missiles
 g - 65 bolts
 i - 20 sling bullets
 j - 79 stones (quivered)
 w - 12 arrows
Armour
 b - a +0 scale mail (worn)
 c - a +0 shield (worn)
Jewellery
 o - a ring of wizardry (left hand)
 u - a ring of ice (right hand)
Wands
 e - a wand of lightning (0/15)
Scrolls
 v - a scroll of random uselessness {unknown}
Potions
 d - a potion of might
 h - a potion of brilliance
 q - a potion of degeneration
Comestibles
 f - a bread ration
 p - 2 royal jellies


   Skills:
 + Level 3.5 Fighting
 + Level 2.4 Long Blades
 + Level 2.7 Armour
 + Level 0.2 Dodging
 + Level 2.8 Shields


You had 3 spell levels left.
You didn't know any spells.

Dungeon Overview and Level Annotations

Branches:
Dungeon (3/15)

Altars:
Trog
The Shining One


Innate Abilities, Weirdness & Mutations

You have hooves in place of feet.
Armour fits poorly on your strangely shaped body.
You cover ground very quickly.
You have extremely tough skin. (AC +3)


Message History

Something hits the plant but does no damage.
The frilled lizard bites you but does no damage.
You block the kobold's attack.
It was a potion of brilliance.
You feel clever all of a sudden.
* * * LOW HITPOINT WARNING * * *
You feel very sick. You block the frilled lizard's attack.
You block the kobold's attack.
You feel very mighty all of a sudden.
* * * LOW HITPOINT WARNING * * *
You feel very sick.
The frilled lizard bites you but does no damage.
You block the kobold's attack.
A bat comes into view.
You slash the kobold!
You kill the kobold!
* * * LOW HITPOINT WARNING * * *
You feel very sick. The frilled lizard bites you.
You die...

#....≈≈#≈≈≈#
#......#≈≈≈#
#......#≈≈≈K≈
#......#≈≈K≈S≈
#......#≈≈≈≈P..
##.....#≈≈≈#≈..
#.....# #.....#
#...@.#
#...l)P#
#P....≈≈#
#....PP≈≈≈≈
#.....b≈P#≈≈
#.....≈P≈≈≈≈≈#
#.......≈≈#≈≈≈#
#........P#≈≈≈≈


You could see a bat and a frilled lizard.

Vanquished Creatures
  2 adders (D:2)
  2 river rats (D:3)
  An ooze (Sewer)
  A worm (D:3)
  3 leopard geckos (D:1)
  2 giant cockroaches (D:3)
  6 hobgoblins
  2 quokkas (D:2)
  4 bats
  8 frilled lizards
  2 goblins (D:1)
  13 kobolds
  12 rats
  3 plants (Sewer)
61 creatures vanquished.

Notes
Turn   | Place    | Note
-------+----------+-------------------------------------------
     0 | D:1      | Tr0llz0r the Centaur Fighter began the quest for the Orb.
     0 | D:1      | Reached XP level 1. HP: 19/19 MP: 1/1
   329 | D:1      | Reached XP level 2. HP: 26/26 MP: 2/2
   430 | D:1      | You fall through a shaft!
   766 | D:2      | Reached XP level 3. HP: 20/31 MP: 3/3
   979 | D:2      | Found a glowing golden altar of the Shining One.
   979 | D:2      | Found a bloodstained altar of Trog.
  2066 | D:3      | Reached XP level 4. HP: 16/38 MP: 4/4
  2080 | D:3      | Found a glowing drain.
  2148 | Sewer    | Entered a sewer
  2527 | Sewer    | Slain by a frilled lizard

Skill      XL: |  1  2 |
---------------+-------+-----
Long Blades    | 2 |  2.4
Fighting       | |  3.5
Armour         | |  2.7
Dodging        | |  0.2
Shields        | |  2.8

Action                   |  1- 3 |  4- 6 || total
-------------------------+-------+-------++-------
Melee: Long sword        |   140 |   110 ||   250
       Kick              |    24 |    34 ||    58
Evoke: Wand              |       |     2 ||     2
  Use: Scroll            |     6 |       ||     6
       Potion            |     3 |     4 ||     7
  Eat: Bread ration      |     1 |       ||     1
Armor: Scale mail        |    77 |    43 ||   120
Dodge: Dodged            |    43 |    16 ||    59
Block: Shield            |    88 |    37 ||   125
       Rpst.: Long sword |    17 |     7 ||    24
